 Dungeon Crawl Stone Soup version 0.20.1-1-g8b1a95d (webtiles) character file.

181 Gargoyl the Skirmisher (level 5, -8/48 HPs)
             Began as a Minotaur Abyssal Knight on Sept 2, 2017.
             Was a Follower of Lugonu.
             Mangled by a profane servitor
             ... wielding a +1 demon whip
              (18 damage)
             ... on level 1 of the Abyss.
             The game lasted 00:00:45 (167 turns).

Gargoyl the Skirmisher (Minotaur Abyssal Knight)     Turns: 167, Time: 00:00:46

Health: -8/48      AC:  5    Str: 21    XL:     5   Next: 34%
Magic:  6/6        EV: 11    Int:  9    God:    Lugonu [*.....]
Gold:   18         SH:  0    Dex: 11    Spells: 4/4 levels left

rFire    . . .     SeeInvis .   a - +1 hand axe
rCold    . . .     Gourm    .   (no shield)
rNeg     . . .     Faith    .   d - +0 ring mail
rPois    .         Spirit   .   (helmet restricted)
rElec    .         Reflect  .   (no cloak)
rCorr    .         Harm     .   (no gloves)
MR       .....                  (no boots)
Stlth    +.........             (no amulet)
Regen    0.2/turn               (no ring)
MPRegen  0.1/turn               (no ring)

@: mighty, wreathed by umbra
A: retaliatory headbutt, horns 2
a: Depart the Abyss, Renounce Religion


You were on level 1 of the Abyss.
You worshipped Lugonu.
Lugonu was aware of your devotion.
You were not hungry.

You visited 0 branches of the dungeon, and saw 0 of its levels.
You visited the Abyss 1 time.

You collected 18 gold pieces.

Inventory:

Hand Weapons
 a - a +1 hand axe (weapon)
Armour
 b - a +0 leather armour
 d - a +0 ring mail (worn)
Potions
 f - a potion of heal wounds
Comestibles
 c - a bread ration


   Skills:
 + Level 5.5 Fighting
 + Level 2.9 Axes
 * Level 4.3 Armour
 + Level 1.1 Dodging
 * Level 2.7 Invocations


You had 4 spell levels left.
You didn't know any spells.

Dungeon Overview and Level Annotations

Branches:
Dungeon (0/15)

Altars:


Innate Abilities, Weirdness & Mutations

You reflexively headbutt those who attack you in melee.
You have a pair of horns on your head.


Message History

You have reached level 3!
Your experience leads to an increase in your attributes!
Your base attributes are Str 16, Int 9, Dex 9.
Increase (S)trength, (I)ntelligence, or (D)exterity?
You feel agile.
You have reached level 4!
You feel agile.
You have reached level 5!
The substance of the Abyss twists violently, and a gateway leading out appears!
It was a potion of heal wounds.
You feel much better.
A profane servitor appears in a shower of sparks.
It is wielding an enchanted demon whip.
Found a hunting sling.
You miss the profane servitor.
Your headbutt misses the profane servitor.
The profane servitor hits you with an enchanted demon whip!!
* * * LOW HITPOINT WARNING * * *
The profane servitor draws strength from your injuries!
The profane servitor barely misses you.
The profane servitor hits you with an enchanted demon whip!!
You die...

................). ...
................... .
.................. ... .
#...... #$.....##......#
#......##......##......#
........................
.................... ...
.......@A...............
.............)..........
.................. ... .
..................∩.....
#......##......##......#
#......##......##......#
........................
......................P.
. .... ..... ......


You could see a profane servitor.

Vanquished Creatures
  A blink frog (Abyss:1)
1 creature vanquished.

Notes
Turn   | Place    | Note
-------+----------+-------------------------------------------
     0 | Abyss:1  | Gargoyl the Minotaur Abyssal Knight began the quest for the Orb.
     0 | Abyss:1  | Reached XP level 1. HP: 19/19 MP: 1/1
   126 | Abyss:1  | Noticed a smoke demon
   147 | Abyss:1  | Noticed a blink frog
   153 | Abyss:1  | Killed a blink frog
   153 | Abyss:1  | Reached skill level 5 in Fighting
   153 | Abyss:1  | Reached XP level 2. HP: 6/29 MP: 3/3
   153 | Abyss:1  | Reached XP level 3. HP: 7/36 MP: 4/4
   153 | Abyss:1  | Reached XP level 4. HP: 9/42 MP: 5/5
   153 | Abyss:1  | Reached XP level 5. HP: 10/48 MP: 6/6
   159 | Abyss:1  | Noticed a profane servitor
   167 | Abyss:1  | Mangled by a profane servitor

Skill      XL: |  1 |
---------------+----+-----
Fighting       | 5 |  5.5
Armour         | 4 |  4.3
Invocations    | 2 |  2.7
Axes           | |  2.9
Dodging        | |  1.1

Action                   |  1- 3 |  4- 6 || total
-------------------------+-------+-------++-------
Melee: Hand axe          |     1 |     1 ||     2
       Headbutt          |     1 |       ||     1
  Use: Potion            |     1 |     1 ||     2
Dodge: Dodged            |     1 |     1 ||     2
